 Dungeon Crawl Stone Soup version 0.27.1-4-g1640c2035a (webtiles) character file.

Game seed: 5647377389492768373

23 TheDoctor the Insei (level 3, 20/28 HPs)
             Began as a Djinni Transmuter on Oct 31, 2021.
             Was an Initiate of Gozag.
             Quit the game on level 1 of the Dungeon.
             The game lasted 00:04:01 (2007 turns).

TheDoctor the Insei (Djinni Transmuter)             Turns: 2007, Time: 00:04:02

Health: 20/28      AC:  2    Str: 10    XL:     3   Next: 10%
Gold:   75         EV: 12    Int: 14    God:    Gozag SH:  0 Dex: 13

rFire    + + .     SeeInvis .   d - +0 short sword
rCold    x . .     Faith    .   (no shield)
rNeg     . . .     Spirit   .   a - +0 robe
rPois    ∞         Reflect  .   (no helmet)
rElec    .         Harm     .   (no cloak)
rCorr    .         Rampage  .   (no gloves)
Will     .....                  (boots unavailable)
Stlth    +.........             (no amulet)
HPRegen  0.09/turn              (no ring)
MPRegen  0.00/turn              (no ring)

@: flying
A: sickness immunity, fire resistance 2, cold vulnerability 1, float, innate
caster, hp casting, extra vitality 1
a: Renounce Religion, Potion Petition, Call Merchant, Bribe Branch


You were on level 1 of the Dungeon.
You worshipped Gozag.
Gozag was noncommittal.
You visited 1 branch of the dungeon, and saw 1 of its levels.

You collected 75 gold pieces.

Inventory:

Hand Weapons
 d - a +0 short sword (weapon)
Armour
 a - a +0 robe (worn)
Jewellery
 e - a +6 ring of dexterity
 f - a ring of fire
Scrolls
 b - a scroll of fear {unknown}
Potions
 c - a potion of berserk rage {unknown}


   Skills:
 + Level 2.0 Fighting
 - Level 2.1 Dodging
 - Level 3.0 Unarmed Combat
 + Level 2.1 Spellcasting


You couldn't memorise any spells.
You knew the following spells:

 Your Spells              Type           Power      Damage    Failure   Level
a - Beastly Appendage     Tmut           14%        N/A       10%         1
b - Wereblood             Tmut           7%         N/A       16%         2
c - Spider Form           Tmut/Pois      3%         N/A       30%         3
d - Ice Form              Ice/Tmut       7%         N/A       69%         4
e - Magic Dart            Conj           28%        1d4       10%         1
Your spell library was empty.

Dungeon Overview and Level Annotations

Branches:
Dungeon (1/15)

Altars:
Gozag


Innate Abilities, Weirdness & Mutations

You are immune to sickness and miasma.
You are immune to poison.
Your flesh is very heat resistant. (rF++)
You are vulnerable to cold. (rC-)
You float through the air rather than walking.
You learn spells naturally, not from books.
Your magical power is your life essence.
You have superior vitality. (+4 HP)


Message History

You howl as the wereblood boils in your veins!
You now have 70 gold pieces (gained 15).
e - a +6 ring of dexterity
Things that are here:
a +0 dagger; a +0 club You start resting.
You howl as the wereblood boils in your veins!
Your primal bloodlust is almost over.
You start resting.
You howl as the wereblood boils in your veins!
You start resting.
You howl as the wereblood boils in your veins!
You start resting.
Your primal bloodlust has ended.
You start resting.
HP restored.
You see here a +0 club.
Found a dagger.
Found a stone staircase leading down.
Found a spear.
A ball python comes into view.
Found a gilded ring.
The ball python hisses angrily.
You closely miss the ball python. The ball python barely misses you. x2
You barely miss the ball python. The ball python bites you.
The ball python grabs you. The ball python constricts you.
You closely miss the ball python. The ball python barely misses you.
The ball python constricts you. The ball python bites you.
The ball python constricts you.
You closely miss the ball python. The ball python closely misses you.
The ball python constricts you.
You barely miss the ball python. The ball python bites you.
The ball python constricts you. The ball python barely misses you.
The ball python constricts you.
You hit the ball python.
You kill the ball python!
You now have 75 gold pieces (gained 5).
f - a ring of fire
Okay, then.
Are you sure you want to abandon this character and quit the game? (Confirm with "yes".)

######
#..@.####
..####......)#
..'..'.......#
..####.......#
#..#....#
##.#....#
#..##### ##.##
#..#


There were no monsters in sight!

Vanquished Creatures
  2 ball pythons (D:1)
  2 endoplasms (D:1)
  7 goblins (D:1)
  2 jackals (D:1)
  3 kobolds (D:1)
  A quokka (D:1)
  A bat (D:1)
  A frilled lizard (D:1)
19 creatures vanquished.

Notes
Turn   | Place    | Note
-------+----------+-------------------------------------------
     0 | D:1      | TheDoctor the Djinni Transmuter began the quest for the
                  | Orb.
     0 | D:1      | Reached XP level 1. HP: 17/17 MP: 0/0
   772 | D:1      | Found a faded altar of an unknown god.
   797 | D:1      | Reached XP level 2. HP: 21/22 MP: 0/0
   807 | D:1      | Became a worshipper of Gozag Ym Sagoz the Greedy
  1725 | D:1      | Reached XP level 3. HP: 5/28 MP: 0/0
  1725 | D:1      | Learned a level 1 spell: Magic Dart
  2007 | D:1      | Quit the game

Illustrated notes

Levels and vault maps discovered:
D:1:      lemuel_arrival_muddy, layout_basic, ebering_ecumenical_altar_webs,
          serial_curves, eino_curves_02, eino_curves_02

Skill      XL: |  1  2 |
---------------+-------+-----
Spellcasting   | 2 |  2.1
Fighting       | 2 |  2.0
Dodging        | |  2.1
Unarmed Combat | |  3.0

Action                   || total
-------------------------++-------
Melee: Unarmed           ||    48
       Punch             ||     2
       Short sword       ||    51
       Headbutt          ||     2
 Cast: Beastly Appendage ||     7
       Wereblood         ||     3
 Stab: Sleeping          ||     1
Armor: Robe              ||    18
Dodge: Dodged            ||    63
